 Dungeon Crawl Stone Soup version 0.32-a0-329-ge6c31236d6 (webtiles) character file.

Game seed: 17370578510508259130

30990 PriceMaster the Eclecticist (level 13, -5/59 HPs)
             Began as a Spriggan Conjurer on Feb 15, 2024.
             Was a Follower of Vehumet.
             Killed from afar by a deep elf pyromancer (32 damage)
             ... with a bolt of fire
             ... on level 13 of the Dungeon on Feb 17, 2024.
             The game lasted 00:54:30 (23939 turns).

PriceMaster the Eclecticist (Spriggan Conjurer)    Turns: 23939, Time: 00:54:31

Health: -5/59      AC: 10    Str: 10    XL:     13   Next: 23%
Magic:  24/34      EV: 18    Int: 30    God:    Vehumet [*.....]
Gold:   1155       SH:  7    Dex: 14    Spells: 32/45 levels left

rFire   . . .        d - +8 war axe of Exchange {vamp, *Noise rElec Str+7 SInv}
rCold   . . .        h - +3 buckler
rNeg    . . .        C - +3 troll leather armour
rPois   +            o - +1 hat
rElec   +            u - +2 cloak
rCorr   .            (gloves unavailable)
SInv    +            (boots unavailable)
Will    +++..        i - amulet of faith
Stlth   +++++        f - +6 ring of intelligence
HPRegen 1.09/turn    H - ring of willpower
MPRegen 0.24/turn

%: faith
@: on blink cooldown, hasted, very quick
A: very small, no large weapons, unfitting armour, see invisible, speed 3,
antennae 1, poison resistance
a: Renounce Religion


You were on level 13 of the Dungeon.
You worshipped Vehumet.
Vehumet was aware of your devotion.
You visited 4 branches of the dungeon, and saw 18 of its levels.

You collected 1155 gold pieces.

Inventory:

Hand Weapons
 b - a +2 quarterstaff of draining
 d - the +8 war axe of Exchange (weapon) {vamp, *Noise rElec Str+7 SInv}
   (You found it on level 8 of the Dungeon)

   Str+7:     It affects your strength (+7).
   rElec:     It insulates you from electricity.
   SInv:      It lets you see invisible.
   *Noise:    It may make a loud noise when swung.
 p - a +2 vampiric dagger
 r - a +0 short sword
Missiles
 v - a throwing net
Armour
 a - a +0 robe
 h - a +3 buckler (worn)
 o - a +1 hat (worn)
 u - a +2 cloak (worn)
 C - a +3 troll leather armour (worn)
Jewellery
 e - a ring of see invisible
 f - a +6 ring of intelligence (left hand)
 i - an amulet of faith (around neck)
 A - a ring of positive energy
 H - a ring of willpower (right hand)
Scrolls
 g - 2 scrolls of silence
 j - a scroll of enchant armour
 k - 3 scrolls of revelation
 l - 4 scrolls of immolation
 m - 2 scrolls of identify
 q - 2 scrolls of blinking
 y - a scroll of poison
 E - a scroll of vulnerability
 G - a scroll of torment {unknown}
Potions
 c - a potion of heal wounds
 n - 3 potions of curing
 s - 8 potions of enlightenment
 t - 2 potions of cancellation
 z - 2 potions of attraction
 B - 2 potions of lignification
Miscellaneous
 x - a tin of tremorstones (inert)


   Skills:
 + Level 2.7 Fighting
 + Level 0.2 Short Blades
 + Level 4.1 Axes
 - Level 1.3 Staves
 + Level 3.5 Armour
 + Level 5.9 Dodging
 * Level 14.0 Stealth
 + Level 2.2 Shields
 * Level 16.6 Spellcasting
 + Level 8.6 Conjurations
 + Level 5.4 Translocations
 + Level 4.3 Alchemy
 + Level 4.5 Evocations


You had 32 spell levels left.
You knew the following spells:

 Your Spells              Type           Power      Damage    Failure   Level
a - Magic Dart            Conj           100%       1d8       1%          1
b - Searing Ray           Conj           100%       2d8       1%          2
c - Blink                 Tloc           100%       N/A       1%          2
d - Iskenderun's Mystic   Conj/Tloc      61%        2d13      1%          4
e - Fulminant Prism       Conj/Alch      29%        3d13      2%          4

Your spell library contained the following spells:

 Spells                   Type           Power      Damage    Failure   Level
 Shock                    Conj/Air       100%       1d9       1%          1
 Kiss of Death            Conj/Necr      100%       2d13      1%          1
 Cigotuvi's Dreadful Rot  Necr/Alch/Air  66%        N/A       3%          2
 Call Imp                 Summ           48%        N/A       5%          2
 Confusing Touch          Hex            24%        N/A       11%         3
 Anguish                  Hex/Necr       12%        N/A       34%         4
 Cause Fear               Hex            12%        N/A       34%         4
 Dispel Undead            Necr           24%        3d12      34%         4
 Martyr's Knell           Necr/Summ      24%        N/A       34%         4
 Death Channel            Necr           12%        N/A       99%         6
 Enfeeble                 Hex            12%        N/A       100%        7


Dungeon Overview and Level Annotations

Branches:
Dungeon (11/15)            Temple (0/1) D:7            Lair (4/5) D:8
  Swamp (1/4) Lair:2       Spider (1/4) Lair:3
  Slime: Lair:4-5       Orc: D:9-12

Altars:
Cheibriados
Elyvilon
Qazlal
Sif Muna
Trog
Vehumet
Wu Jian
Xom
Yredelemnul
Zin

Shops:
D:3 *


Innate Abilities, Weirdness & Mutations

You are very small and have problems with some larger weapons.
You are too small for most types of armour.
You have supernaturally acute eyesight. (SInv)
You cover ground extremely quickly. (Speed+++)
You have a pair of small antennae on your head.
Your system is resistant to poisons. (rPois)


Message History

You are even more covered in intense liquid fire!
A skeletal warrior comes into view. It is wielding a +0 flail.
You shake off some of the fire as you move.
The liquid fire burns you!
Casting: Blink (safe; 1% risk of failure)
Confirm with . or Enter, or press ? or * to list all spells.
You erupt in a blast of force!
The mystic blast hits the skeletal warrior!
The skeletal warrior is lightly damaged.
The skeletal warrior is knocked back by the mystic blast.
The mystic blast hits the skeletal warrior!
The skeletal warrior is lightly damaged.
The skeletal warrior is knocked back by the mystic blast.
The skeletal warrior slams into the rock wall!
The skeletal warrior is lightly damaged.
The liquid fire burns you!
Your surroundings seem slightly different.
The deep elf pyromancer gestures at you while chanting.
The bolt of fire misses you.
You shake off some of the fire as you move.
The liquid fire burns you!
You shake off some of the fire as you move.
The liquid fire burns you!
You shake off the liquid fire.
Okay, then.
Casting: Iskenderun's Mystic Blast (dangerous; 1% risk of failure)
Confirm with . or Enter, or press ? or * to list all spells.
You blink.
The deep elf pyromancer hits you but does no damage.
Found a hand axe.
Casting: Blink (safe; 1% risk of failure)
Confirm with . or Enter, or press ? or * to list all spells.
Aiming: Fulminant Prism (dangerous; 2% risk of failure)
Press: ? - help, Dir - move target You conjure a prism of explosive energy!
A fulminant prism comes into view.
The deep elf pyromancer casts a spell at you.
The bolt of fire hits you!!
Ouch! That really hurt!
You die...

#. #.. .# .. # #.# .# .#
...# #.###.# #...# ....
#...#
########.#########...#
...)...@............####
########......!.........
#.O*....#^#.###.#
#.ez....#....##.#
#.......#.#..##.#
#.z.....#.......#
#............####
##.....#####.# #.....#
#.#


You could see 2 skeletal warriors, a two-headed ogre, a deep elf pyromancer
(ally target) and a friendly fulminant prism.

Vanquished Creatures
  Rupert (D:13)
  Kirke (D:13)
  3 two-headed ogres
  A centaur warrior (D:9)
  Urug (D:11)
  A skyshark (Lair:3)
  A cyclops (D:11)
  An oklob plant (Lair:1)
  3 meliai (D:13)
  A torpor snail (Lair:2)
  A black mamba (Lair:2)
  A gargoyle (D:13)
  9 cane toads
  3 rime drakes
  A kobold demonologist (D:9)
  8 komodo dragons
  4 trolls
  3 polar bears
  A blink frog (Lair:1)
  A hornet (shapeshifter) (D:13)
  6 dream sheep (Lair:3)
  2 slime creatures (D:8)
  A wraith (D:11)
  3 wyverns
  A shadow (D:10)
  33 yaks
  3 basilisks
  Grum (Lair:1)
  4 hogs (D:13)
  2 steam dragons
  A vampire mosquito (D:9)
  A swamp worm (Lair:2)
  12 water moccasins
  An acid dragon (D:8)
  6 orc warriors
  3 ice beasts
  A black bear (Lair:1)
  5 wolves (Lair:1)
  A boggart (D:9)
  2 centaurs
  2 kobold brigands
  12 bullfrogs
  2 gnoll sergeants
  7 scorpions
  5 wights (D:6)
  7 howler monkeys
  An electric eel (D:9)
  3 bombardier beetles
  2 jellies
  4 hounds
  10 orc priests
  Crazy Yiuf (D:3)
  8 orc wizards
  Ijyb (D:5)
  2 sleepcaps (D:6)
  Jessica (D:3)
  4 iguanas
  Robin (D:3)
  12 gnolls
  8 adders
  2 white imps
  3 ribbon worms
  A dart slug (D:4)
  40 orcs
  11 bats
  9 endoplasms
  9 giant cockroaches
  14 goblins
  11 hobgoblins
  9 kobolds
  A quokka (D:3)
  3 ball pythons
  2 frilled lizards
  10 rats
  2 butterflies
  10 fulminant prisms
365 creatures vanquished.

Vanquished Creatures (others)
  An orc warrior (D:7)
  A hobgoblin (D:5)
  79 fulminant prisms
81 creatures vanquished.

Grand Total: 446 creatures vanquished

Notes
Turn   | Place    | Note
-------+----------+-------------------------------------------
     0 | D:1      | PriceMaster the Spriggan Conjurer began the quest for the
                  | Orb.
     0 | D:1      | Reached XP level 1. HP: 9/9 MP: 5/5
   284 | D:1      | Reached XP level 2. HP: 13/13 MP: 3/6
  1115 | D:2      | Reached skill level 3 in Spellcasting
  1115 | D:2      | Reached XP level 3. HP: 15/16 MP: 0/8
  1217 | D:2      | Learned a level 2 spell: Searing Ray
  1612 | D:2      | Reached XP level 4. HP: 21/21 MP: 4/10
  1673 | D:2      | Found a faded altar of an unknown god.
  2100 | D:3      | Noticed Jessica
  2104 | D:3      | Killed Jessica
  2105 | D:3      | Reached skill level 4 in Spellcasting
  2455 | D:3      | Reached XP level 5. HP: 24/24 MP: 8/12
  2726 | D:3      | Reached skill level 5 in Spellcasting
  2876 | D:3      | Found Baolun's Assorted Antiques.
  2900 | D:3      | Noticed Robin
  2913 | D:3      | Killed Robin
  3309 | D:3      | Found a runed translucent door.
  3310 | D:3      | Noticed Crazy Yiuf
  3583 | D:3      | Killed Crazy Yiuf
  3584 | D:3      | Reached XP level 6. HP: 28/28 MP: 4/15
  4019 | D:4      | Reached skill level 6 in Spellcasting
  5074 | D:5      | Entered Level 5 of the Dungeon
  5102 | D:5      | Reached skill level 5 in Conjurations
  5102 | D:5      | Reached XP level 7. HP: 32/32 MP: 11/17
  5373 | D:5      | Reached skill level 5 in Stealth
  5514 | D:5      | Reached skill level 7 in Spellcasting
  5666 | D:5      | Noticed Ijyb
  5673 | D:5      | Killed Ijyb
  6342 | D:6      | Reached skill level 8 in Spellcasting
  6342 | D:6      | Reached XP level 8. HP: 26/36 MP: 12/21
  6343 | D:6      | Reached skill level 1 in Staves
  6693 | D:6      | Reached skill level 9 in Spellcasting
  6783 | D:6      | Learned a level 2 spell: Blink
  7320 | D:6      | Reached skill level 1 in Evocations
  7603 | D:7      | Found a staircase to the Ecumenical Temple.
  7605 | D:7      | Noticed a troll
  7612 | D:7      | Killed a troll
  7697 | D:7      | Found an ornate altar of the Wu Jian Council.
  7714 | D:7      | Reached XP level 9. HP: 39/39 MP: 20/23
  7796 | D:7      | HP: 1/39 [orc warrior/+1 long sword of holy wrath (22)]
  7799 | D:7      | Reached skill level 10 in Spellcasting
  9080 | D:7      | Reached skill level 1 in Armour
  9080 | D:7      | Reached skill level 11 in Spellcasting
  9080 | D:7      | Reached skill level 1 in Translocations
  9394 | D:8      | Gained mutation: You are vulnerable to cold. (rC-) [potion
                  | of mutation]
  9394 | D:8      | Gained mutation: You have a beak for a mouth. [potion of
                  | mutation]
  9395 | D:8      | Lost mutation: You have a beak for a mouth. [potion of
                  | mutation]
  9395 | D:8      | Lost mutation: You are vulnerable to cold. (rC-) [potion of
                  | mutation]
  9395 | D:8      | Gained mutation: You possess an exceptional clarity of
                  | mind. [potion of mutation]
  9395 | D:8      | Gained mutation: You have a pair of small horns on your
                  | head. [potion of mutation]
  9819 | D:8      | Identified the +8 war axe of Exchange {vamp, *Noise rElec
                  | Str+7 SInv}
  9824 | D:8      | Noticed a two-headed ogre
  9879 | D:8      | Killed a two-headed ogre
  9880 | D:8      | Reached XP level 10. HP: 44/44 MP: 10/26
 10017 | D:8      | Reached skill level 1 in Fighting
 10113 | D:8      | Reached skill level 10 in Stealth
 10113 | D:8      | Reached skill level 12 in Spellcasting
 11679 | D:8      | Found a staircase to the Lair.
 11843 | Lair:1   | Entered Level 1 of the Lair of Beasts
 11848 | Lair:1   | Reached skill level 13 in Spellcasting
 11897 | Lair:1   | Noticed Grum
 11928 | Lair:1   | Killed Grum
 12288 | Lair:1   | Reached skill level 1 in Axes
 12533 | Lair:2   | Noticed a torpor snail
 12552 | Lair:2   | Noticed a cane toad
 12561 | Lair:2   | Killed a cane toad
 12562 | Lair:2   | Reached XP level 11. HP: 6/49 MP: 25/29
 12597 | Lair:2   | Learned a level 4 spell: Iskenderun's Mystic Blast
 12778 | Lair:2   | Found a glowing silver altar of Zin.
 13651 | Lair:2   | Reached skill level 5 in Dodging
 14011 | Lair:2   | Found a staircase to the Swamp.
 14396 | Lair:2   | Reached skill level 14 in Spellcasting
 14590 | Swamp:1  | Entered Level 1 of the Swamp
 14590 | Swamp:1  | Noticed a bog body
 15071 | Lair:3   | Learned a level 4 spell: Fulminant Prism
 15488 | Lair:3   | Found a hole to the Spider Nest.
 15907 | Lair:3   | Noticed a skyshark
 15934 | Lair:3   | Killed a skyshark
 16345 | Spider:1 | Entered Level 1 of the Spider Nest
 16345 | Spider:1 | Noticed a wolf spider
 16460 | Lair:4   | Reached skill level 1 in Alchemy
 16512 | Lair:4   | Reached skill level 1 in Shields
 17130 | Lair:1   | Reached XP level 12. HP: 41/54 MP: 1/31
 17143 | Lair:1   | Reached skill level 15 in Spellcasting
 18120 | Lair:1   | Lost mutation: You possess an exceptional clarity of mind.
                  | [potion of mutation]
 18120 | Lair:1   | Lost mutation: You have a pair of small horns on your head.
                  | [potion of mutation]
 18120 | Lair:1   | Gained mutation: Your system is resistant to poisons.
                  | (rPois) [potion of mutation]
 18120 | Lair:1   | Gained mutation: You have a pair of small antennae on your
                  | head. [potion of mutation]
 19492 | D:9      | Noticed a centaur warrior
 19500 | D:9      | Noticed a two-headed ogre
 19759 | D:9      | Killed a centaur warrior
 20589 | D:9      | Killed a two-headed ogre
 20590 | D:9      | Reached skill level 5 in Translocations
 21071 | D:10     | Entered Level 10 of the Dungeon
 21198 | D:10     | Found a radiant altar of Vehumet.
 21330 | D:10     | Became a worshipper of Vehumet
 21719 | D:10     | Reached skill level 16 in Spellcasting
 21921 | D:10     | Found a white marble altar of Elyvilon.
 21923 | D:10     | Found a shimmering altar of Xom.
 21923 | D:10     | Found a basalt altar of Yredelemnul.
 21923 | D:10     | Found a bloodstained altar of Trog.
 21942 | D:10     | Found a shimmering blue altar of Sif Muna.
 21942 | D:10     | Found a stormy altar of Qazlal.
 22065 | D:11     | Noticed a two-headed ogre
 22083 | D:11     | Killed a two-headed ogre
 22775 | D:11     | Found a snail-covered altar of Cheibriados.
 22801 | D:11     | Noticed Urug
 22809 | D:11     | Killed Urug
 22810 | D:11     | Reached XP level 13. HP: 59/59 MP: 21/34
 22811 | D:11     | Upgraded the game from 0.32-a0-314-g526f7d4993 to
                  | 0.32-a0-329-ge6c31236d6
 22955 | D:11     | You fall into a shaft and drop 2 floors!
 23125 | D:13     | Noticed Kirke
 23470 | D:13     | Reached * piety under Vehumet
 23470 | D:13     | Offered knowledge of Shock by Vehumet.
 23485 | D:13     | Noticed Rupert
 23519 | D:13     | Killed Rupert
 23570 | D:13     | Killed Kirke
 23939 | D:13     | Killed from afar by a deep elf pyromancer

Illustrated notes

Levels and vault maps discovered:
D:1:      dpeg_arrival_another_circle, layout_basic
D:2:      layout_rooms, hellmonk_ecumenical_altar_inner_sanctum,
          minmay_stone_trees_small
D:3:      cheibrodos_helix_gallery, layout_basic, serial_shops,
          nicolae_shop_waterfront, serial_park_tiny_1, uniq_robin,
          uniq_crazy_yiuf_cottage, uniq_jessica
D:4:      layout_loops_cross, minmay_fractal_squares_gapless_5
D:5:      layout_basic, kennysheep_nondescript, nicolae_kite_square_tiling_tiny,
          nicolae_goblin_pals
D:6:      layout_loops_corners, hangedman_decor_slide_cut, kennysheep_donut,
          minmay_quadrilaterals
D:7:      layout_basic, pdpol_wu_jian_five_deadly_venoms,
          minmay_temple_entry_junction
D:8:      layout_gridville, erik_lair_dragon
D:9:      layout_small_grid, nicolae_water_bricks, minmay_shattered_shrine
D:10:     layout_rooms, kennysheep_little_box, minmay_overflow_temple_hex,
          chequers_mini_garden, small_statue_alley_a
D:11:     layout_grid_maze, cheibriados_altar_1, uniq_urug
D:13:     layout_loops_cross, minmay_between, uniq_rupert, uniq_kirke
Lair:1:   layout_chaotic_city, nzn_random_ring, grunt_megastairs_5,
          serial_bayou_shore_a, lemuel_fruit_fields, lemuel_fruit_tree,
          uniq_grum
Lair:2:   gammafunk_indiana_jones, layout_misc_corridors,
          minmay_swamp_entry_worms, basic_altar, grunt_megastairs_2,
          lemuel_fruit_fields
Lair:3:   layout_gridlike, nicolae_spider_entry_non_spiders
Lair:4:   layout_layer_cave, grunt_megastairs_3
Swamp:1:  layout_basic_swamp, evilmike_swamp_ruin_wall
Spider:1: layout_spider_delve

Skill      XL: |  1  2  3  4  5  6  7  8  9 10 11 12 13 |
---------------+----------------------------------------+-----
Conjurations   | 3 4 5 6 7 8 |  8.6
Spellcasting   | 3 4 5 6 8 9 11 13 14 16 | 16.6
Stealth        | 4 5 7 9 10 12 13 14 | 14.0
Dodging        | 3 4 5 |  5.9
Staves         | 1 |  1.3
Evocations     | 1 2 3 4 |  4.5
Armour         | 1 2 3 |  3.5
Translocations | 1 3 5 |  5.4
Fighting       | 1 2 |  2.7
Axes           | 1 3 4 |  4.1
Alchemy        | 1 4 |  4.3
Shields        | 1 2 |  2.2
Short Blades   | |  0.2

Action                     |  1- 3 |  4- 6 |  7- 9 | 10-12 | 13-15 || total
---------------------------+-------+-------+-------+-------+-------++-------
  Melee: Unarmed           |     1 |       |       |       |       ||     1
         Short sword       |       |    10 |       |       |       ||    10
         Quarterstaff      |       |     8 |    15 |       |       ||    23
         War axe           |       |       |       |   188 |     1 ||   189
         Headbutt          |       |       |       |    29 |       ||    29
   Cast: Magic Dart        |    63 |   122 |   169 |   215 |     6 ||   575
         Searing Ray       |     2 |    18 |    57 |   108 |     3 ||   188
         Blink             |       |       |     7 |    17 |     6 ||    30
         Iskenderun's Myst |       |       |       |    66 |    10 ||    76
         Fulminant Prism   |       |       |       |    77 |    13 ||    90
  Evoke: Wand              |       |       |    20 |    23 |    13 ||    56
         Tin of tremorston |       |       |       |     2 |     2 ||     4
    Use: Potion            |       |     1 |     2 |    15 |     6 ||    24
         Scroll            |       |       |    16 |     9 |     1 ||    26
   Stab: Sleeping          |       |       |       |     2 |       ||     2
         Distracted        |       |       |       |     1 |       ||     1
 Armour: Robe              |     2 |    13 |     8 |       |       ||    23
         Troll leather arm |       |       |    41 |   145 |    11 ||   197
  Dodge: Dodged            |    10 |    46 |    78 |   214 |    12 ||   360
  Block: Buckler           |       |       |       |    93 |     7 ||   100

Table legend: (Time is in decaauts)
 A = Elapsed time spent in this place.
 B = Non-inter-level travel time spent in this place.
 C = Inter-level travel time spent in this place.
 D = Time resting spent in this place.
 E = Time spent auto-exploring this place.
 F = Levels seen in this place.
 G = Mean time per level.
                   A        B        C        D        E       F      G
               +--------+--------+--------+--------+--------+-----+--------+
         Total |  19890 |  19321 |    569 |   7628 |   8680 |  18 | 1105.0 |
       Dungeon |  13452 |  13057 |    395 |   3705 |   7419 |  12 | 1121.0 |
          Lair |   6429 |   6256 |    173 |   3922 |   1261 |   4 | 1607.2 |
         Swamp |      6 |      6 |      0 |      0 |      0 |   1 |    6.0 |
   Spider Nest |      1 |      1 |      0 |      0 |      0 |   1 |    1.0 |
               +--------+--------+--------+--------+--------+-----+--------+

Top non-repeatable levels by time:
  Lair:1: 2405 daAuts
  Lair:2: 2333 daAuts
     D:8: 2108 daAuts
     D:9: 1627 daAuts
  Lair:3: 1577 daAuts
     D:7: 1455 daAuts
     D:3: 1350 daAuts
     D:6: 1221 daAuts
     D:4: 1024 daAuts
    D:13: 830 daAuts
     D:1: 785 daAuts
    D:10: 777 daAuts
    D:11: 765 daAuts
     D:2: 755 daAuts
     D:5: 751 daAuts
